 Dungeon Crawl Stone Soup version 0.30-a0-310-g7d6cbdfea6 (webtiles) character file.

Game seed: 8624648506610697673

102510 Pooter the Severer (level 15, -8/207 HPs)
             Began as a Minotaur Berserker on Oct 23, 2022.
             Was a High Priest of Trog.
             Killed from afar by a deep elf pyromancer (21 damage)
             ... with a bolt of fire
             ... on level 1 of the Elven Halls on Oct 24, 2022.
             The game lasted 02:12:30 (30974 turns).

Pooter the Severer (Minotaur Berserker)            Turns: 30974, Time: 02:12:31

Health: -8/207     AC: 27    Str: 31    XL:     15   Next: 86%
Magic:  11/14      EV:  6    Int:  6    God:    Trog [*****.]
Gold:   964        SH:  5    Dex: 12    Spells: 14/14 levels left

rFire   + . .      SeeInvis +    a - +4 battleaxe
rCold   + . .      Faith    .    (shield currently unavailable)
rNeg    . . .      Spirit   .    U - +6 gold dragon scales
rPois   +          Reflect  +    (helmet restricted)
rElec   .          Harm     .    p - +0 cloak
rCorr   .          Rampage  .    L - +2 pair of gloves {infuse}
Will    +++..                    (no boots)
Stlth   ..........               j - amulet of reflection
HPRegen 1.54/turn                S - ring of see invisible
MPRegen 0.14/turn                v - +6 ring of strength

@: berserking, strong-willed, regenerating, invisible, very quick
A: horns 2, retaliatory headbutt
a: Renounce Religion, Berserk, Trog's Hand, Brothers in Arms


You were on level 1 of the Elven Halls.
You worshipped Trog.
Trog was extremely pleased with you.
You visited 4 branches of the dungeon, and saw 23 of its levels.
You visited 1 bazaar.
You also visited: Bailey.

You collected 2873 gold pieces.
You spent 1909 gold pieces at shops.

Inventory:

Hand Weapons
 a - a +4 battleaxe (weapon)
   (You took it off a wight on level 8 of the Dungeon)
 b - a +0 arbalest
   (You took it off an orc warrior on level 1 of the Orcish Mines)
 y - a +2 long sword of holy wrath
   (You found it on level 5 of the Dungeon)
 G - a +4 dire flail
   (You took it off a wight on level 7 of the Dungeon)
 H - a +0 battleaxe of venom
   (You took it off a wight on level 7 of the Dungeon)
 K - a +4 trident of flaming
   (You took it off a gnoll sergeant on level 10 of the Dungeon)
 O - a +0 war axe
   (You took it off a kobold brigand in a bailey)
 Q - a +4 scimitar of flaming
   (You took it off an efreet on level 14 of the Dungeon)
Missiles
 e - 4 datura-tipped darts
 k - 18 curare-tipped darts
 m - 3 silver boomerangs
 D - 43 boomerangs (quivered)
 J - 21 poisoned darts
 V - 4 atropa-tipped darts
Armour
 p - a +0 cloak (worn)
   (You found it on level 2 of the Lair of Beasts)
 L - a +2 pair of gloves of infusion (worn)
   (You found it in a bailey)
 U - +6 gold dragon scales (worn)
   (You bought it in a shop on level 4 of the Dungeon)
Jewellery
 j - an amulet of reflection (around neck)
   (You bought it in a shop in a bazaar)
 v - a +6 ring of strength (right hand)
   (You found it on level 4 of the Dungeon)
 w - the ring "Ceelyiv" {rElec rPois Int+6}
   (You found it on level 3 of the Lair of Beasts)

   [ring of intelligence]

   Int:       It affects your intelligence (+6).
   rElec:     It insulates you from electricity.
   rPois:     It protects you from poison.
 C - a ring of resist corrosion
   (You found it on level 1 of the Lair of Beasts)
 F - a ring of protection from fire
   (You found it in a bailey)
 N - a ring of positive energy
   (You found it on level 3 of the Dungeon)
 P - a ring of magical power
   (You found it on level 2 of the Lair of Beasts)
 S - a ring of see invisible (left hand)
   (You found it on level 3 of the Lair of Beasts)
Wands
 f - a wand of flame (23)
   (You found it on level 15 of the Dungeon)
 r - a wand of roots (4)
   (You found it on level 4 of the Dungeon)
 u - a wand of paralysis (6)
   (You found it on level 10 of the Dungeon)
 x - a wand of acid (5)
   (You found it on level 14 of the Dungeon)
Scrolls
 g - a scroll of silence
 i - 4 scrolls of identify {@r1}
 o - 3 scrolls of magic mapping
 t - 3 scrolls of teleportation {@r4}
 z - 2 scrolls of torment {!r}
 B - 4 scrolls of poison
 E - 4 scrolls of blinking
 T - a scroll of fog
 W - a scroll of immolation {!r}
Potions
 c - 2 potions of ambrosia
 d - 15 potions of curing {@q1}
 h - 4 potions of lignification {!q}
 l - 12 potions of heal wounds {@q2}
 n - 3 potions of might
 s - 2 potions of invisibility
 A - 2 potions of flight
 I - 2 potions of haste {@q3}
 R - 9 potions of attraction {!q}
 X - 2 potions of magic
 Y - 2 potions of mutation {!q}
 Z - 5 potions of cancellation
Miscellaneous
 q - a condenser vane (inert)
   (You found it on level 12 of the Dungeon)
 M - a phantom mirror
   (You found it in a bailey)


   Skills:
 + Level 14.2 Fighting
 + Level 18.2(18.7) Axes
 - Level 7.3(13.9) Maces & Flails
 * Level 16.7 Ranged Weapons
 - Level 7.2 Throwing
 * Level 9.2 Armour
 - Level 2.1 Dodging
 - Level 9.4 Evocations


You had 14 spell levels left.
You didn't know any spells.
Your spell library was empty.

Dungeon Overview and Level Annotations

Branches:
Dungeon (15/15)            Temple (0/1) D:7            Lair (5/5) D:11
  Swamp (0/4) Lair:3       Spider (0/4) Lair:2        Slime (0/5) Lair:4
    Orc (2/2) D:9             Elf (1/3) Orc:2        Vaults (0/5) D:13
 Depths (0/4) D:15         Bailey (visited)

Altars:
Cheibriados
Dithmenos
Gozag
Hepliaklqana
Kikubaaqudgha
Qazlal
Ru
Trog
Wu Jian
Xom
Zin
Jiyva

Shops:
D:4 *   D:6 [   D:12 !   Orc:2 :=(?

Annotations:
D:3 1 runed translucent door, Crazy Yiuf


Innate Abilities, Weirdness & Mutations

You have a pair of horns on your head.
You reflexively headbutt those who attack you in melee.


Message History

The deep elf high priest is wielding a +0 long sword of draining.
The deep elf high priest shouts!
The deep elf pyromancer shouts!
The deep elf high priest utters a dark prayer and points at you.
Your life force is offered up.
Found 7 stones, 51 gold pieces, a leather armour and a condenser vane (inert).
The deep elf pyromancer hits you but does no damage.
You block the deep elf zephyrmancer's attack.
The deep elf zephyrmancer gestures at you while chanting.
The bolt of lightning hits you!! The bolt of lightning hits you!
The deep elf high priest performs a strange gesture.
There is an open gate here.
You slice the deep elf zephyrmancer!! You headbutt the deep elf zephyrmancer!
You slice the deep elf pyromancer!! You slice the deep elf zephyrmancer!!
The deep elf pyromancer hits you but does no damage.
The deep elf zephyrmancer hits you with a +0 rapier.
The deep elf high priest mumbles some strange prayers to its god.
The deep elf high priest begins emitting a brilliant aura!
The deep elf zephyrmancer is empowered by the deep elf high priest's aura!
The deep elf pyromancer is empowered by the deep elf high priest's aura!
The deep elf zephyrmancer is empowered by the deep elf high priest's aura!
The deep elf zephyrmancer gestures at you while chanting.
The bolt of lightning hits you!!
* * * LOW HITPOINT WARNING * * *
Your skin crawls.
You feel strong-willed.
The deep elf pyromancer points at you and mumbles some strange words.
The bolt of fire hits you! You resist.
* * * LOW HITPOINT WARNING * * *
The deep elf zephyrmancer hits you with a +0 short sword.
* * * LOW HITPOINT WARNING * * *
The deep elf zephyrmancer hits you but does no damage.
You fade into invisibility!
The deep elf pyromancer mumbles some strange words.
The deep elf pyromancer blinks!
The deep elf zephyrmancer points at you and mumbles some strange words.
The bolt of lightning hits you!
* * * LOW HITPOINT WARNING * * *
The bolt of lightning hits you!!
* * * LOW HITPOINT WARNING * * *
The deep elf zephyrmancer hits you with a +0 short sword.
* * * LOW HITPOINT WARNING * * *
The deep elf high priest unwields a +0 long sword of draining.
The deep elf high priest wields a +0 shortbow.
The deep elf high priest shoots an arrow.
The arrow hits you but does no damage.
A red film seems to cover your vision as you go berserk!
You feel yourself moving faster!
You feel mighty!
The deep elf pyromancer casts a spell at the deep elf high priest.
The bolt of fire hits you!! You resist.
You die...

########..#'########..#'####..###
.......#..###########.#....#..#
.......#..#≈≈≈≈≈≈≈≈≈#.#....#..#
#####..#.##≈≈≈###≈≈≈###...>#..#
....#..#.#≈≈§##}##§≈ #....#..#
....#..#.# ≈##$.[## #....#..#
#####..#.# #$..e(# #....#[.#
.......#.#♣##..e§e##♣##....#
.......#.#..##''@##..##....#
'#######.#......(....#
.........##....)....##
..........####..)####
.[...........##'##
###############e+#####
...)...................
.............>.........
.######################


You could see a deep elf high priest (brilliance aura, unable to see you), a
deep elf pyromancer (empowered, unable to see you) and 2 deep elf zephyrmancers.

Vanquished Creatures
  Jorgrun (Orc:2)
  Kirke (D:12)
  2 azure jellies (Lair:4)
  An orc warlord (Orc:1)
  A stone giant (D:15)
  Josephine (Orc:2)
  11 hydras
  4 centaur warriors
  6 boulder beetles
  3 catoblepae
  A merfolk avatar (Lair:5)
  A two-headed ogre (shapeshifter) (D:14)
  2 tengu warriors
  8 two-headed ogres
  3 death yaks
  6 orc high priests
  5 deep elf knights (Elf:1)
  A fire crab (Lair:5)
  Pikel (D:5)
  4 harpies (Lair:5)
  2 deep elf zephyrmancers (Elf:1)
  A wizard (D:13)
  A lindwurm (Orc:1)
  An orc knight (D:15)
  10 deep elf pyromancers
  A wolf spider (D:15)
  5 cyclopes
  3 orc sorcerers
  2 manticores
  17 ugly things
  9 elephants
  5 black mambas
  4 torpor snails
  A guardian serpent (D:13)
  13 cane toads
  2 unseen horrors
  2 kobold demonologists (D:13)
  2 rime drakes (Lair:5)
  A cane toad (shapeshifter) (D:15)
  A tengu conjurer (D:15)
  An efreet (D:14)
  7 komodo dragons
  A polar bear (Lair:5)
  12 trolls
  A wind drake (D:15)
  3 hornets
  3 blink frogs (Lair:2)
  9 slime creatures
  Prince Ribbit (D:8)
  7 dream sheep
  A jumping spider (Lair:2)
  2 snapping turtles (Lair:5)
  An air elemental (Elf:1)
  A jumping spider (shapeshifter) (D:15)
  Sigmund (D:6)
  A vampire (D:12)
  8 wraiths
  3 culicivoras (Lair:2)
  A shadow (D:9)
  9 wyverns
  6 basilisks
  34 yaks
  4 redbacks (Lair:2)
  2 steam dragons (D:9)
  12 vampire mosquitoes
  Menkaure (D:4)
  A swamp worm (Lair:3)
  3 wargs
  An acid dragon (D:8)
  13 water moccasins
  29 orc warriors
  5 sky beasts (D:15)
  A swamp drake (D:9)
  2 black bears
  2 ice beasts
  11 ogres
  12 wolves
  6 centaurs
  Blork the orc (D:4)
  13 kobold brigands
  A gnoll sergeant (D:10)
  7 bullfrogs
  5 scorpions
  2 necrophages
  15 wights
  3 vampire bats (D:10)
  14 killer bees
  5 electric eels
  3 howler monkeys (D:8)
  26 orc priests
  A jelly (D:6)
  4 hounds
  Ijyb (D:4)
  6 iguanas
  24 orc wizards
  16 gnolls
  4 adders
  2 ufetubi
  2 worms
  5 dart slugs
  69 orcs
  9 ball pythons
  3 bat skeletons (D:10)
  2 bat zombies (D:10)
  5 endoplasms
  2 giant cockroaches
  8 goblins
  5 hobgoblins
  7 jackals
  32 kobolds
  5 quokkas
  6 bats
  5 frilled lizards
  6 rats
688 creatures vanquished.

Vanquished Creatures (others)
  5 humans (D:12)
  An orc priest (Orc:2)
  3 orcs (Orc:1)
  20 fungi
  63 plants
92 creatures vanquished.

Grand Total: 780 creatures vanquished

Notes
Turn   | Place    | Note
-------+----------+-------------------------------------------
     0 | D:1      | Pooter the Minotaur Berserker began the quest for the Orb.
     0 | D:1      | Reached XP level 1. HP: 19/19 MP: 0/0
    81 | D:1      | Found a faded altar of an unknown god.
   167 | D:1      | Reached skill level 4 in Axes
   225 | D:1      | Reached XP level 2. HP: 27/27 MP: 1/1
  1032 | D:2      | Reached XP level 3. HP: 33/33 MP: 2/2
  1044 | D:2      | Reached ** piety under Trog
  1771 | D:3      | Reached skill level 5 in Axes
  1775 | D:3      | Reached XP level 4. HP: 41/41 MP: 3/3
  1965 | D:3      | Noticed an ogre
  1972 | D:3      | Killed an ogre
  1973 | D:3      | Reached skill level 5 in Fighting
  1973 | D:3      | Reached skill level 6 in Axes
  1973 | D:3      | Reached XP level 5. HP: 48/48 MP: 4/4
  2037 | D:3      | Found a runed translucent door.
  2038 | D:3      | Noticed Crazy Yiuf
  2644 | D:4      | Reached skill level 7 in Axes
  2647 | D:4      | Reached XP level 6. HP: 56/56 MP: 5/5
  2689 | D:4      | Noticed Menkaure
  2698 | D:4      | Killed Menkaure
  2751 | D:4      | Noticed Blork the orc
  2757 | D:4      | Killed Blork the orc
  2758 | D:4      | Reached skill level 1 in Ranged Weapons
  2825 | D:4      | Found Aphuekar's Lightly-Used Armoury.
  2979 | D:4      | Reached XP level 7. HP: 54/63 MP: 6/6
  3040 | D:4      | Reached skill level 8 in Axes
  3040 | D:4      | Reached skill level 1 in Maces & Flails
  3133 | D:4      | Noticed Ijyb
  3147 | D:4      | Killed Ijyb
  3634 | D:4      | Reached skill level 1 in Evocations
  3690 | D:5      | Entered Level 5 of the Dungeon
  3798 | D:5      | Reached *** piety under Trog
  3858 | D:5      | Noticed Pikel
  3872 | D:5      | Killed Pikel
  3873 | D:5      | Reached XP level 8. HP: 43/71 MP: 7/7
  4423 | D:5      | Identified the +1 helmet "Afem" {+Blink rPois Will- Str+2
                  | SInv}
  4525 | D:6      | Reached skill level 5 in Maces & Flails
  4647 | D:6      | Reached skill level 5 in Ranged Weapons
  4844 | D:6      | Identified the +1 robe "Haerheca" {Rampage Int+7 SInv}
  4924 | D:6      | Reached skill level 9 in Axes
  4980 | D:6      | Noticed Sigmund
  4985 | D:6      | Killed Sigmund
  4986 | D:6      | Reached XP level 9. HP: 79/79 MP: 8/8
  5126 | D:6      | Found Hulyolo's Armour Shoppe.
  5262 | D:6      | Found a snail-covered altar of Cheibriados.
  5551 | D:7      | Found a staircase to the Ecumenical Temple.
  6094 | D:8      | Found a flagged portal.
  6106 | Bailey   | Entered a bailey
  6493 | Bailey   | Reached XP level 10. HP: 69/89 MP: 9/9
  6498 | Bailey   | Reached skill level 10 in Axes
  6570 | Bailey   | Found a burning altar of Makhleb.
  6666 | D:8      | Found a shadowy altar of Dithmenos.
  7056 | D:8      | Noticed Prince Ribbit
  7062 | D:8      | Killed Prince Ribbit
  7940 | D:9      | Found an opulent altar of Gozag.
  7980 | D:9      | Noticed a two-headed ogre
  7992 | D:9      | Killed a two-headed ogre
  7993 | D:9      | Reached skill level 11 in Axes
  8121 | D:9      | Found a staircase to the Orcish Mines.
  8138 | Orc:1    | Entered Level 1 of the Orcish Mines
  8138 | Orc:1    | Noticed an orc high priest
  8216 | D:9      | Reached skill level 5 in Evocations
  8487 | Orc:1    | Noticed an orange demon
  8494 | D:9      | Killed an orc high priest
  8832 | Orc:1    | Reached XP level 11. HP: 67/97 MP: 3/10
  8901 | Orc:1    | Noticed a two-headed ogre
  8908 | Orc:1    | Killed a two-headed ogre
  9186 | D:4      | Bought -2 gold dragon scales for 910 gold pieces
  9346 | D:9      | Reached skill level 12 in Axes
 10151 | D:9      | Found a sacrificial altar of Ru.
 10186 | D:9      | Found an ornate altar of the Wu Jian Council.
 10410 | D:9      | Found a glowing silver altar of Zin.
 10410 | D:9      | Found a hazy altar of Hepliaklqana.
 10479 | D:10     | Entered Level 10 of the Dungeon
 10504 | D:10     | Found a shimmering altar of Xom.
 10578 | D:10     | Found an ancient bone altar of Kikubaaqudgha.
 10719 | D:10     | Reached **** piety under Trog
 10897 | D:10     | Reached skill level 10 in Ranged Weapons
 11395 | D:10     | Noticed a two-headed ogre
 11399 | D:10     | Killed a two-headed ogre
 11400 | D:10     | Reached skill level 10 in Fighting
 11586 | D:10     | Noticed a two-headed ogre
 11591 | D:10     | Killed a two-headed ogre
 11687 | D:10     | Found a stormy altar of Qazlal.
 11856 | D:11     | Reached skill level 13 in Axes
 11981 | D:11     | Noticed a two-headed ogre
 11987 | D:11     | Killed a two-headed ogre
 12117 | D:11     | Noticed a red ugly thing
 12127 | D:11     | Killed a red ugly thing
 12215 | D:11     | Noticed a two-headed ogre
 12222 | D:11     | Killed a two-headed ogre
 12279 | D:11     | Noticed a two-headed ogre
 12289 | D:11     | Reached skill level 1 in Throwing
 12298 | D:11     | Killed a two-headed ogre
 12299 | D:11     | Reached XP level 12. HP: 97/108 MP: 2/11
 12494 | D:11     | Found a staircase to the Lair.
 12987 | D:11     | Noticed a two-headed ogre
 12995 | D:11     | Killed a two-headed ogre
 13419 | Lair:1   | Entered Level 1 of the Lair of Beasts
 13565 | Lair:1   | Noticed a catoblepas
 13570 | Lair:1   | Killed a catoblepas
 13571 | Lair:1   | Reached skill level 14 in Axes
 14028 | Lair:1   | Identified the +6 quarterstaff "Luorodott" {speed, Will+}
 15005 | Lair:2   | Found a hole to the Spider Nest.
 16194 | Lair:3   | Reached XP level 13. HP: 116/116 MP: 5/12
 16328 | Lair:3   | Identified the ring "Ceelyiv" {rElec rPois Int+6}
 16431 | Lair:3   | Reached skill level 15 in Axes
 16988 | Lair:3   | Found a staircase to the Swamp.
 18202 | Lair:3   | Reached skill level 5 in Throwing
 18369 | Lair:4   | Found a snail-covered altar of Cheibriados.
 19177 | Lair:4   | Reached skill level 16 in Axes
 19314 | Lair:4   | Found a runed translucent door.
 19367 | Lair:4   | Found a viscous altar of Jiyva.
 19371 | Lair:4   | Found a staircase to the Slime Pits.
 19371 | Lair:4   | Noticed an azure jelly
 19372 | Lair:4   | Noticed an azure jelly
 19383 | Lair:4   | Killed an azure jelly
 19389 | Lair:4   | Killed an azure jelly
 19886 | Lair:5   | Entered Level 5 of the Lair of Beasts
 19955 | Lair:5   | Reached XP level 14. HP: 120/127 MP: 12/13
 20091 | Lair:5   | Paralysed by a hornet for 3 turns
 20329 | Lair:5   | Found a bloodstained altar of Trog.
 21392 | Lair:5   | Found the +7 Spriggan's Knife {stab, EV+4 Stlth+}
 21674 | Orc:2    | Entered Level 2 of the Orcish Mines
 21674 | Orc:2    | Noticed an orc warlord
 21678 | Orc:2    | Noticed Josephine
 21686 | Orc:1    | Killed an orc warlord
 21932 | Orc:2    | Killed Josephine
 21974 | Orc:2    | Found a flickering gateway to a bazaar.
 21983 | Bazaar   | Entered a bazaar
 21983 | Bazaar   | Found Igorag's Book Emporium.
 21983 | Bazaar   | Found Pacaqaogh's Jewellery Shoppe.
 21983 | Bazaar   | Found Uhix Toinn's Distillery.
 21983 | Bazaar   | Found Fofrakh's Book Emporium.
 21983 | Bazaar   | Found Woecs's Jewellery Shoppe.
 21991 | Bazaar   | Bought 2 potions of might for 72 gold pieces
 21991 | Bazaar   | Bought a potion of invisibility for 72 gold pieces
 21991 | Bazaar   | Bought a potion of curing for 27 gold pieces
 21991 | Bazaar   | Bought a potion of heal wounds for 45 gold pieces
 22089 | Bazaar   | Bought an amulet of reflection for 330 gold pieces
 22251 | Orc:1    | Reached skill level 17 in Axes
 22667 | Orc:2    | Found a staircase to the Elven Halls.
 22899 | Orc:2    | Reached skill level 15 in Ranged Weapons
 23156 | Orc:2    | Reached ***** piety under Trog
 23180 | Orc:2    | Noticed Jorgrun
 23189 | Orc:2    | Killed Jorgrun
 23649 | Orc:2    | Found Hoefaod's Antique Weapon Shoppe.
 23649 | Orc:2    | Found Axenec's Magic Scroll Shoppe.
 23651 | Orc:2    | Found Ogexe's Jewellery Emporium.
 23658 | Orc:2    | Reached skill level 5 in Armour
 23674 | Orc:2    | Found Kimugur's Book Emporium.
 23678 | Orc:2    | Bought a scroll of identify for 26 gold pieces
 23678 | Orc:2    | Bought a scroll of identify for 26 gold pieces
 23678 | Orc:2    | Bought a scroll of enchant armour for 97 gold pieces
 23678 | Orc:2    | Bought a scroll of identify for 26 gold pieces
 23678 | Orc:2    | Bought a scroll of identify for 26 gold pieces
 24268 | D:12     | Found Gingith's Distillery.
 24279 | D:12     | Received a gift from Trog
 24632 | D:12     | Noticed Kirke
 24645 | D:12     | Killed Kirke
 25008 | D:12     | Reached XP level 15. HP: 134/136 MP: 9/14
 25664 | D:13     | Identified the +4 long sword of Dismemberment {speed, rF+
                  | Will+ Int+4}
 26249 | D:13     | Found a gate to the Vaults.
 26629 | D:12     | Bought a potion of might for 56 gold pieces
 26629 | D:12     | Bought a potion of curing for 42 gold pieces
 26629 | D:12     | Bought a potion of heal wounds for 70 gold pieces
 26629 | D:12     | Bought a potion of curing for 42 gold pieces
 26629 | D:12     | Bought a potion of curing for 42 gold pieces
 28030 | D:15     | Entered Level 15 of the Dungeon
 28119 | D:15     | Found a staircase to the Depths.
 28706 | D:15     | Reached skill level 18 in Axes
 29898 | D:15     | Upgraded the game from 0.30-a0-305-g026cb31310 to
                  | 0.30-a0-310-g7d6cbdfea6
 30052 | Elf:1    | Entered Level 1 of the Elven Halls
 30737 | Elf:1    | Paralysed by an air elemental for 1 turns
 30974 | Elf:1    | Killed from afar by a deep elf pyromancer

Illustrated notes

Levels and vault maps discovered:
D:1:      minmay_arrival_wavy_path, layout_basic, serial_forest,
          infiniplex_forest_fountain, infiniplex_forest_clump_diagonal,
          infiniplex_forest_split, infiniplex_forest_lined_room_2,
          infiniplex_forest_clump_medium, infiniplex_forest_split,
          infiniplex_forest_3_way, hellmonk_ecumenical_altar_inner_sanctum,
          minmay_misc_feat_pillars, minmay_misc_feat_square
D:2:      layout_basic
D:3:      minmay_chambers_of_twos, layout_rooms, uniq_crazy_yiuf_cottage
D:4:      layout_loops_corners, chequers_mini_garden, solitary_fountain,
          minmay_shop_damaged, hex_large, corner_web_ring, uniq_blork_the_orc,
          uniq_menkaure, uniq_ijyb
D:5:      layout_rooms, uniq_pikel
D:6:      layout_gridville, chei_slow_surprise, serial_shops,
          nicolae_shop_crystal, uniq_sigmund
D:7:      layout_loops_ring, minmay_temple_entry_sparse_star
D:8:      layout_basic, nicolae_dithmenos_shadow_blocks, enter_bailey_4,
          uniq_prince_ribbit1
D:9:      layout_cave_pools, lemuel_round_altar,
          amethyst_overflow_temple_binary, mainiacjoe_overflow_small_starburst,
          old_standard_altar, david_orc_3, fountainhead
D:10:     layout_irregular_city, marbit_many_paths,
          mainiacjoe_overflow_24_doors, kennysheep_vampire_church
D:11:     layout_roguey, minmay_lair_entry_grove
D:12:     layout_roguey, serial_shops, nicolae_stop_n_shop_1, uniq_kirke
D:13:     layout_gridville, david_vaults_1, nrook_guardian_serpent_ordinary
D:14:     layout_basic, chequers_serial_rivers_large_b
D:15:     grunt_enter_depths_giant_problem, layout_gridville,
          dreamdust_looks_like_rain
Lair:1:   layout_gridlike, lemuel_another_geyser, lemuel_fruit_tree
Lair:2:   layout_regular_city, nicolae_spider_entry_tight_spaces, minivault_24
Lair:3:   layout_chaotic_city, palyth_hydra_swamp_entry, serial_bayou,
          serial_bayou_shore_b, serial_bayou_shore_b, serial_bayou_lagoon_a,
          serial_bayou_pond_c, serial_bayou_pond_c, serial_bayou_lagoon_b,
          grunt_megastairs_2
Lair:4:   layout_cave_pods, slime_entry_2, kennysheep_snail_temple,
          infiniplex_staircase_pool_2
Lair:5:   gammafunk_lair_ancient_temple, layout_concentric_octagons, basic_altar
Orc:1:    layout_caves, nicolae_volcano_entry_vermiform
Orc:2:    st_orc_mages, layout_caves, serial_shops, bzr_entry_customers,
          uniq_josephine, uniq_jorgrun
Elf:1:    elf_arrival_001, layout_onion_city, kennysheep_underground_church,
          minmay_misc_feat_five, minivault_8

Skill      XL: |  1  2  3  4  5  6  7  8  9 10 11 12 13 14 15 |
---------------+----------------------------------------------+-----
Axes           | 4 5 6 7 8 9 11 13 14 16 17 18 | 18.2
Fighting       | 4 5 6 7 8 9 10 11 12 13 14 | 14.2
Ranged Weapons | 1 4 5 7 9 11 12 14 15 16 | 16.7
Maces & Flails | 4 5 7 |  7.3
Evocations     | 2 3 4 5 6 7 8 9 |  9.4
Throwing       | 1 4 5 7 |  7.2
Armour         | 5 9 |  9.2
Dodging        | |  2.1

Action                   |  1- 3 |  4- 6 |  7- 9 | 10-12 | 13-15 || total
-------------------------+-------+-------+-------+-------+-------++-------
Melee: Hand axe          |    72 |    66 |       |       |       ||   138
       Headbutt          |     8 |    11 |    28 |    67 |   196 ||   310
       Dire flail        |       |     4 |   191 |       |    43 ||   238
       Battleaxe         |       |       |    34 |   387 |   734 ||  1155
       Scimitar          |       |       |       |       |    15 ||    15
 Fire: Sling             |       |       |    14 |       |       ||    14
       Shortbow          |       |       |       |     5 |       ||     5
       Arbalest          |       |       |       |    99 |   167 ||   266
Throw: Stone             |       |     3 |     6 |       |       ||     9
       Boomerang         |       |       |     1 |    19 |     8 ||    28
       Dart              |       |       |       |     8 |    37 ||    45
Invok: Berserk           |     1 |     4 |     8 |    15 |    15 ||    43
       Trog's Hand       |       |     1 |     9 |    14 |    28 ||    52
Evoke: Wand              |       |       |     3 |     9 |     5 ||    17
       Phantom mirror    |       |       |       |     1 |       ||     1
       Condenser vane    |       |       |       |       |     1 ||     1
  Use: Scroll            |     1 |     3 |     4 |    22 |    13 ||    43
       Potion            |       |       |     1 |     1 |     5 ||     7
 Stab: Paralysed         |       |       |       |     2 |    10 ||    12
       Invisible         |       |       |       |       |     5 ||     5
Armor: Ring mail         |    16 |       |       |       |       ||    16
       Animal skin       |     1 |       |       |       |       ||     1
       Chain mail        |    13 |    34 |    18 |    49 |       ||   114
       Scale mail        |       |       |    93 |     1 |       ||    94
       Skin              |       |       |     2 |       |       ||     2
       Gold dragon scale |       |       |       |   265 |   611 ||   876
Dodge: Dodged            |    40 |    30 |   123 |   127 |   223 ||   543
Block: Buckler           |       |     2 |       |       |       ||     2
       Other             |       |       |       |       |   119 ||   119
       Reflection        |       |       |       |       |     8 ||     8

Table legend: (Time is in decaauts)
 A = Elapsed time spent in this place.
 B = Non-inter-level travel time spent in this place.
 C = Inter-level travel time spent in this place.
 D = Time resting spent in this place.
 E = Time spent auto-exploring this place.
 F = Levels seen in this place.
 G = Mean time per level.
                   A        B        C        D        E       F      G
               +--------+--------+--------+--------+--------+-----+--------+
         Total |  31557 |  30393 |   1164 |   7165 |  18564 |  25 | 1262.3 |
       Dungeon |  18697 |  17849 |    848 |   3932 |  11510 |  15 | 1246.5 |
          Lair |   8383 |   8188 |    195 |   2199 |   4729 |   5 | 1676.6 |
  Orcish Mines |   2871 |   2752 |    119 |    461 |   1641 |   2 | 1435.5 |
   Elven Halls |    925 |    925 |      0 |    237 |    559 |   1 |  925.0 |
        Bazaar |    126 |    126 |      0 |      0 |    102 |   1 |  126.0 |
        Bailey |    553 |    553 |      0 |    335 |     22 |   1 |  553.0 |
               +--------+--------+--------+--------+--------+-----+--------+

Top non-repeatable levels by time:
  Lair:4: 2251 daAuts
     D:9: 2231 daAuts
    D:15: 1872 daAuts
   Orc:2: 1835 daAuts
    D:10: 1794 daAuts
  Lair:5: 1677 daAuts
  Lair:2: 1599 daAuts
  Lair:3: 1593 daAuts
     D:4: 1440 daAuts
    D:14: 1412 daAuts
    D:11: 1348 daAuts
    D:13: 1336 daAuts
     D:8: 1269 daAuts
  Lair:1: 1261 daAuts
    D:12: 1062 daAuts
